 Dungeon Crawl Stone Soup version 0.28-a0-265-g048bc9fd10 (webtiles) character file.

Game seed: 11583369818252694029

73 theanonym the Sneak (level 4, 0/35 HPs)
             Began as a Mummy Delver on Aug 27, 2021.
             Slain by Crazy Yiuf (2 damage)
             ... on level 2 of the Dungeon.
             The game lasted 00:02:33 (2631 turns).

theanonym the Sneak (Mummy Delver)                  Turns: 2631, Time: 00:02:33

Health: 0/35       AC: 10    Str: 16    XL:     4   Next: 8%
Magic:  2/4        EV:  4    Int:  9    God:
Gold:   94         SH:  0    Dex: 13    Spells: 3/3 levels left

rFire   x . .      SeeInvis .   a - +0 hand axe
rCold   + . .      Faith    .   (no shield)
rNeg    + + +      Spirit   .   g - +0 plate armour
rPois   ∞          Reflect  .   (no helmet)
rElec   .          Harm     .   h - scarf {+Inv}
rCorr   .          Rampage  .   (no gloves)
Will    .....                   (no boots)
Stlth   ..........              (no amulet)
HPRegen 0.11/turn               (no ring)
MPRegen 0.09/turn               (no ring)

@: very slightly contaminated, invisible
A: cold resistance 1, negative energy resistance 3, torment resistance 2, heat
vulnerability 1, no potions
a: Evoke Invisibility


Innate Abilities, Weirdness & Mutations

You are immune to poison.
Your flesh is cold resistant. (rC+)
You are immune to negative energy. (rN+++)
You are immune to unholy pain and torment.
You are vulnerable to heat. (rF-)
You do not drink.


   Skills:
 + Level 3.5 Fighting
 * Level 2.8 Axes
 + Level 1.2 Armour
 - Level 1.5 Dodging
 - Level 4.1 Stealth


You had 3 spell levels left.
You didn't know any spells.
Your spell library contained the following spells:

 Spells                   Type           Power      Damage    Failure   Level
 Magic Dart               Conj           0%         1d3       100%        1
 Call Imp                 Summ           0%         N/A       100%        2
 Mephitic Cloud           Conj/Pois/Air  0%         N/A       100%        3

Skill      XL: |  1  2  3 |
---------------+----------+-----
Axes           | 2 |  2.8
Armour         | 1 |  1.2
Fighting       | |  3.5
Dodging        | |  1.5
Stealth        | |  4.1

Action                   |  1- 3 |  4- 6 || total
-------------------------+-------+-------++-------
Melee: Hand axe          |   138 |    16 ||   154
  Use: Scroll            |     1 |       ||     1
 Stab: Sleeping          |     1 |       ||     1
       Invisible         |       |     1 ||     1
Armor: Plate armour      |    91 |     4 ||    95
       Leather armour    |     1 |       ||     1
Dodge: Dodged            |    43 |     1 ||    44

Inventory:

Hand Weapons
 a - a +0 hand axe (weapon)
Armour
 b - a +0 leather armour
 g - a +0 plate armour (worn)
 h - a scarf of invisibility (worn)
Wands
 c - a wand of digging (3)
Scrolls
 d - a scroll of identify {unknown}
 e - a scroll of fear
 f - a scroll of fog
 i - a scroll of vulnerability {unknown}
 j - a scroll of silence {unknown}
 k - a scroll of immolation {unknown}


You were on level 2 of the Dungeon.
You visited 1 branch of the dungeon, and saw 5 of its levels.

You collected 94 gold pieces.

Dungeon Overview and Level Annotations

Branches:
Dungeon (5/15)
 Temple: D:4-7

Altars:
Ru

Annotations:
D:2 Crazy Yiuf

#....###.............# ###.....
#######............#.#####....#.<
##...)......................
#..################...!..##. #.##
#......##. #.###♣♣♣♣♣ #......##.
######.#.#.)♣.♣♣♣ ### #.(....##.
....#..).....♣))♣#...# ##...###..
...........)♣♣♣♣@g.).# ####..#..#
.........#.♣♣ ♣♣#).)# #<..#...##
........##♣♣ ### ###......#
........# #####.#... ........#
#.....##.. ........####### ###
#......... ..............######.#
#####..... ..........###........#
#..###.
####.#######....###########.###..


You could see Crazy Yiuf (fast).

Notes
Turn   | Place    | Note
-------+----------+-------------------------------------------
     0 | D:5      | theanonym the Mummy Delver began the quest for the Orb.
     0 | D:5      | Reached XP level 1. HP: 18/18 MP: 1/1
    13 | D:5      | Found a sacrificial altar of Ru.
   143 | D:5      | Noticed a wyvern zombie
   143 | D:5      | Noticed an orc wizard
   180 | D:5      | Noticed a necrophage
   193 | D:4      | Reached skill level 2 in Axes
   193 | D:4      | Reached XP level 2. HP: 24/24 MP: 2/2
   225 | D:4      | Noticed a wight
   227 | D:4      | Noticed a wight
   228 | D:4      | Noticed a wight
   231 | D:4      | HP: 12/24 [wight (7)]
   233 | D:4      | HP: 3/24 [wight (9)]
  1030 | D:1      | Reached XP level 3. HP: 29/29 MP: 3/3
  1261 | D:1      | Reached skill level 1 in Armour
  1310 | D:1      | Found a faded altar of an unknown god.
  1815 | D:2      | HP: 14/29 [worm (8)]
  1822 | D:2      | HP: 11/29 [frilled lizard (1)]
  2253 | D:2      | Found a runed translucent door.
  2254 | D:2      | Noticed Crazy Yiuf
  2322 | D:2      | Reached XP level 4. HP: 32/35 MP: 4/4
  2413 | D:2      | HP: 17/35 [worm (9)]
  2630 | D:2      | HP: 11/35 [Crazy Yiuf (7)]
  2630 | D:2      | HP: 2/35 [Crazy Yiuf (9)]
  2631 | D:2      | Slain by Crazy Yiuf

Vanquished Creatures
  3 adders
  2 worms (D:2)
  A dart slug (D:2)
  An orc (D:5)
  3 ball pythons (D:1)
  3 endoplasms (D:1)
  3 giant cockroaches
  5 goblins
  2 hobgoblins
  2 jackals (D:1)
  A quokka (D:1)
  3 bats
  2 frilled lizards
  A kobold (D:1)
  4 rats
36 creatures vanquished.

Vanquished Creatures (others)
  A plant (D:5)
1 creature vanquished.

Grand Total: 37 creatures vanquished

Table legend: (Time is in decaauts)
 A = Elapsed time spent in this place.
 B = Non-inter-level travel time spent in this place.
 C = Inter-level travel time spent in this place.
 D = Time resting spent in this place.
 E = Time spent auto-exploring this place.
 F = Levels seen in this place.
 G = Mean time per level.
                   A        B        C        D        E       F      G
               +--------+--------+--------+--------+--------+-----+--------+
         Total |   2659 |   2573 |     86 |    838 |   1299 |   5 |  531.8 |
       Dungeon |   2659 |   2573 |     86 |    838 |   1299 |   5 |  531.8 |
               +--------+--------+--------+--------+--------+-----+--------+

Top non-repeatable levels by time:
     D:1: 1224 daAuts
     D:2: 997 daAuts
     D:3: 198 daAuts
     D:5: 191 daAuts
     D:4: 47 daAuts
